 Dungeon Crawl Stone Soup version 0.31-a0-1237-gabc64e778c (webtiles) character file.

Game seed: 17329144030025065815

1563 inmateoo the Poker (level 8, -2/70 HPs)
             Began as a Pale Draconian Fighter on Dec 16, 2023.
             Was an Initiate of Hepliaklqana.
             Slain by a brown ugly thing (10 damage)
             ... on level 6 of the Dungeon.
             The game lasted 00:03:58 (5183 turns).

inmateoo the Poker (Pale Draconian Fighter)         Turns: 5183, Time: 00:03:59

Health: -2/70      AC:  4    Str: 21    XL:     8   Next: 58%
Magic:  8/8        EV: 13    Int:  9    God:    Hepliaklqana [......]
Gold:   324        SH:  6    Dex: 10    Spells: 7/7 levels left

rFire   . . .        a - +4 trident (spect)
rCold   . . .        b - +1 buckler
rNeg    + . .        (body armour unavailable)
rPois   .            o - +2 hat of Curiosity {+Inv Slay+2}
rElec   .            (no cloak)
rCorr   .            (no gloves)
SInv    .            (no boots)
Will    .....        (no amulet)
Stlth   +            p - ring of positive energy
HPRegen 0.31/turn    (no ring)
MPRegen 0.11/turn

%: no passive effects
@: corroded, hasted, invisible, very quick
A: breathe steam, AC +6, unfitting armour, cold-blooded, steam resistance
a: Breathe Steam, Renounce Religion, Evoke Invisibility


You were on level 6 of the Dungeon.
You worshipped Hepliaklqana.
Hepliaklqana was noncommittal.
You visited 2 branches of the dungeon, and saw 7 of its levels.
You also visited: Ossuary.

You collected 324 gold pieces.

Inventory:

Hand Weapons
 a - a +4 spectral trident (weapon)
Armour
 b - a +1 buckler (worn)
 o - the +2 hat of Curiosity (worn) {+Inv Slay+2}
   (You found it on level 3 of the Dungeon)

   Slay+2:    It affects your accuracy & damage with ranged weapons and melee
   (+2).
   +Inv:      It lets you turn invisible.
Jewellery
 p - a ring of positive energy (left hand)
Wands
 n - a wand of paralysis (19)
 v - a wand of flame (10)
Scrolls
 d - a scroll of fog
 e - a scroll of amnesia
 q - a scroll of brand weapon
Potions
 c - 3 potions of might
 f - a potion of cancellation
 g - 5 potions of curing
 i - a potion of brilliance {unknown}
 j - a potion of mutation {unknown}
 k - a potion of invisibility
 l - a potion of haste
 m - a potion of attraction {unknown}
 r - 2 potions of berserk rage {unknown}
 t - 2 potions of degeneration {unknown}


   Skills:
 + Level 6.2 Fighting
 * Level 7.1 Polearms
 + Level 5.1 Dodging
 + Level 5.6 Shields


You had 7 spell levels left.
You didn't know any spells.
Your spell library contained the following spells:

 Spells                   Type           Power      Damage    Failure   Level
 Magic Dart               Conj           0%         1d3       43%         1
 Sandblast                Erth           0%         2d4       43%         1
 Call Imp                 Summ           0%         N/A       58%         2
 Ensorcelled Hibernation  Hex/Ice        0%         N/A       58%         2
 Passwall                 Tmut/Erth      0%         N/A       58%         2
 Sublimation of Blood     Necr           0%         N/A       58%         2
 Wereblood                Tmut           0%         N/A       58%         2
 Hailstorm                Conj/Ice       0%         3d5       82%         3
 Mephitic Cloud           Conj/Pois/Air  0%         N/A       82%         3
 Stone Arrow              Conj/Erth      0%         3d7       82%         3
 Swiftness                Air            0%         N/A       82%         3
 Brom's Barrelling Bould  Conj/Erth      0%         2d3       99%         4
 Summon Ice Beast         Ice/Summ       0%         N/A       99%         4
 Simulacrum               Ice/Necr       0%         N/A       100%        6
 Summon Hydra             Summ           0%         N/A       100%        7


Dungeon Overview and Level Annotations

Branches:
Dungeon (6/15)             Temple (1/1) D:5         Ossuary (visited)

Altars:
Ashenzari
Cheibriados
Dithmenos
Elyvilon
Fedhas
Gozag
Hepliaklqana
Kikubaaqudgha
Makhleb
Nemelex Xobeh
Okawaru
Qazlal
Ru
Trog
Uskayaw
Vehumet
Wu Jian
Xom
Yredelemnul
Zin
The Shining One

Shops:
D:6 :

Portals:
Abyss: D:6

Annotations:
D:6 1 transporter, Sapher's ghost, novice MeEE


Innate Abilities, Weirdness & Mutations

You can breathe blasts of scalding, opaque steam.
Your pale cyan-grey scales are hard. (AC +6)
You cannot fit into any form of body armour.
You are cold-blooded and may be slowed by cold attacks.
You are immune to the effects of steam.


Message History

You feel your willpower return.
The kobold brigand shouts!
The crimson imp shouts!
The brown ugly thing gurgles horribly!
There is a transporter here.
You enter the transporter and appear at another place.
The brown ugly thing closely misses you.
You barely miss the brown ugly thing.
The brown ugly thing closely misses you.
You hit the brown ugly thing.
The brown ugly thing is lightly wounded.
The brown ugly thing bites you.
You are splashed with acid!
You puncture the brown ugly thing!
The brown ugly thing is lightly wounded.
The brown ugly thing bites you.
You are splashed with acid!
As you read the scroll of fear, it crumbles to dust.
You assume a fearsome visage.
The small abomination is unaffected. x2
The brown ugly thing looks frightened!
The small abomination misses you.
You barely miss the small abomination.
You block the small abomination's attack.
Cornered, the brown ugly thing turns to fight!
You hit the brown ugly thing. You tail-slap the brown ugly thing.
The brown ugly thing is lightly wounded.
The small abomination hits you! The brown ugly thing bites you!
The acid corrodes you!
You are splashed with acid!
* * * LOW HITPOINT WARNING * * *
You feel better.
The small abomination closely misses you.
The brown ugly thing bites you.
* * * LOW HITPOINT WARNING * * *
You are splashed with acid.
* * * LOW HITPOINT WARNING * * *
The small abomination closely misses you.
It was a potion of invisibility.
You fade into invisibility!
You block the brown ugly thing's attack.
The small abomination hits you!
* * * LOW HITPOINT WARNING * * *
It was a potion of haste.
You feel yourself speed up. The brown ugly thing bites you!
You die...

#....#.#....##,,#.##[##.###...
#....#.#.....##.#$#©.##K##.... #
#....#.#......#...##..###.....
####....#.#......#....#..........
........#.#....###...###.........
#.#.....#.#....##5..?.,#####....#
#'#.....#.#...##.#x###..##.##...#
.....####.#...#u#x##.#...x.W#...#
.....####.#...##@##..##..####...#
..........#....###....####......#
..###...........................#
######..........................#
...........><...........##...#..#
######...#############.....####.#
#...# #..#######.# #...#
#..#######.# #...# #..........#


You could see a brown ugly thing (unable to see you) and 2 small abominations.

Vanquished Creatures
  Grinder (D:5)
  A steam dragon (D:6)
  2 ogres
  A centaur (D:6)
  3 phantoms
  Blork the orc (D:5)
  2 scorpions
  A centaur zombie (Ossuary)
  A hound (D:5)
  A human zombie (Ossuary)
  3 orc priests
  A sleepcap (D:5)
  3 iguanas
  2 mummies (Ossuary)
  9 adders
  3 white imps (D:6)
  4 ufetubi
  4 adder zombies (Ossuary)
  2 worms
  3 dart slugs
  16 orcs
  7 endoplasms
  2 giant cockroaches
  9 goblins
  6 hobgoblins
  4 jackals (D:1)
  4 quokkas
  5 ball pythons
  4 bats
  4 frilled lizards
  A goblin zombie (Ossuary)
  7 hobgoblin zombies (Ossuary)
  3 jackal zombies (Ossuary)
  10 kobolds
  4 kobold zombies (Ossuary)
  15 orc zombies (Ossuary)
  3 rats
152 creatures vanquished.

Notes
Turn   | Place    | Note
-------+----------+-------------------------------------------
     0 | D:1      | inmateoo the Draconian Fighter began the quest for the Orb.
     0 | D:1      | Reached XP level 1. HP: 19/19 MP: 1/1
   101 | D:1      | Reached XP level 2. HP: 21/26 MP: 2/2
   679 | D:2      | Found a faded altar of an unknown god.
   682 | D:2      | Reached XP level 3. HP: 31/31 MP: 3/3
  1198 | D:2      | Reached skill level 3 in Polearms
  1352 | D:3      | Found a hide-covered altar of Uskayaw.
  1479 | D:3      | Reached XP level 4. HP: 39/40 MP: 4/4
  2077 | D:3      | Identified the +2 hat of Curiosity {+Inv Slay+2}
  2536 | D:4      | Reached XP level 5. HP: 46/46 MP: 5/5
  2549 | D:4      | Noticed an ogre
  2554 | D:4      | Killed an ogre
  2555 | D:4      | Reached skill level 4 in Polearms
  2620 | D:4      | Reached XP level 6. HP: 15/53 MP: 6/6
  3020 | D:5      | Entered Level 5 of the Dungeon
  3072 | D:5      | Reached skill level 5 in Polearms
  3074 | D:5      | Your scales start taking on a pale cyan-grey colour.
  3074 | D:5      | Reached XP level 7. HP: 43/60 MP: 7/7
  3074 | D:5      | Gained mutation: You are immune to the effects of steam.
                  | [Pale Draconian growth]
  3167 | D:5      | Noticed Grinder
  3184 | D:5      | Killed Grinder
  3185 | D:5      | Reached skill level 5 in Fighting
  3315 | D:5      | Found a staircase to the Ecumenical Temple.
  3369 | D:5      | Noticed Blork the orc
  3375 | D:5      | Killed Blork the orc
  3399 | D:5      | Found a sand-covered staircase.
  3558 | Ossuary  | Entered an ossuary
  3671 | Ossuary  | Reached skill level 5 in Shields
  3674 | Ossuary  | Reached skill level 6 in Polearms
  3962 | Temple   | Entered the Ecumenical Temple
  3972 | Temple   | Became a worshipper of Hepliaklqana the Forgotten
  4073 | D:5      | Reached XP level 8. HP: 69/69 MP: 8/8
  4101 | D:5      | Found a sacrificial altar of Ru.
  4101 | D:5      | Found a blossoming altar of Fedhas.
  4427 | D:6      | Found a transporter.
  4453 | D:6      | Noticed a brown ugly thing
  4455 | D:6      | Noticed Sapher's ghost (novice MeEE)
  4476 | D:6      | Found a one-way gate to the infinite horrors of the Abyss.
  4539 | D:6      | Reached skill level 5 in Dodging
  4740 | D:6      | Reached skill level 7 in Polearms
  4762 | D:6      | Found Terees's Book Emporium.
  5076 | D:6      | Found a transporter.
  5183 | D:6      | Slain by a brown ugly thing

Illustrated notes

Levels and vault maps discovered:
D:1:      tarquinn_simple_flora_water_b, layout_rooms, serial_bayou_lagoon_a,
          hangedman_decor_lopped
D:2:      layout_loops_ring, ebering_ecumenical_altar_mist
D:3:      layout_basic, mainiacjoe_overflow_concentric_impassable
D:4:      layout_loops_ring, item_on_display_a
D:5:      layout_loops_ring, gammafunk_temple_overflow_pools, temple_doors_cd,
          lightli_ossuary_entry_decrepit_ruins, uniq_grinder, uniq_blork_the_orc
D:6:      layout_basic, serial_shops, nicolae_shop_competitors_out_of_business,
          gammafunk_ghost_abyssal_escape, minmay_tree_intersection
Temple:   nicolae_temple_no_exploring_needed

Skill      XL: |  1  2  3  4  5  6  7  8 |
---------------+-------------------------+-----
Dodging        | 3 4 5 |  5.1
Polearms       | 3 4 5 6 7 |  7.1
Fighting       | 4 5 6 |  6.2
Shields        | 4 5 |  5.6

Action                     |  1- 3 |  4- 6 |  7- 9 || total
---------------------------+-------+-------+-------++-------
  Melee: Trident           |   156 |    89 |   138 ||   383
         Tailslap          |    12 |     6 |    10 ||    28
    Use: Scroll            |     4 |     5 |     7 ||    16
         Potion            |       |       |     3 ||     3
   Stab: Sleeping          |     1 |     4 |     1 ||     6
 Armour: Skin              |    72 |    30 |    73 ||   175
  Dodge: Dodged            |    70 |    23 |    61 ||   154
  Block: Buckler           |    28 |    15 |    27 ||    70

Table legend: (Time is in decaauts)
 A = Elapsed time spent in this place.
 B = Non-inter-level travel time spent in this place.
 C = Inter-level travel time spent in this place.
 D = Time resting spent in this place.
 E = Time spent auto-exploring this place.
 F = Levels seen in this place.
 G = Mean time per level.
                   A        B        C        D        E       F      G
               +--------+--------+--------+--------+--------+-----+--------+
         Total |   5238 |   4967 |    271 |    430 |   3672 |   8 |  654.8 |
       Dungeon |   5008 |   4746 |    262 |    430 |   3570 |   6 |  834.7 |
        Temple |     18 |     10 |      8 |      0 |      0 |   1 |   18.0 |
       Ossuary |    211 |    211 |      0 |      0 |    102 |   1 |  211.0 |
               +--------+--------+--------+--------+--------+-----+--------+

Top non-repeatable levels by time:
     D:3: 1060 daAuts
     D:5: 1038 daAuts
     D:6: 899 daAuts
     D:4: 737 daAuts
     D:1: 679 daAuts
     D:2: 593 daAuts
 Ossuary: 211 daAuts
  Temple: 18 daAuts
